Map: Frozen Temple

Players

Mamba

  • Race: Zerg Zerg
  • League: Grandmaster

SHODAN - Winner!

  • Race: Terran Terran
  • League: Master

VOD

Have the link to the VOD?

Description

Time

  • Played on: May 28, 2016, 6:58 p.m.
  • Length: 17:44
Show
View Real Time Build Order
Export as new Build Order

Mamba Zerg 

Build Orders: Pool First 

Get SALT Encoding   

  12  0:01  Drone  
  13  0:12  Overlord  
  13  0:17  Drone  
  14  0:31  Drone x2  
  14  0:35  Drone  
  17  0:46  Spawning Pool  
  17  0:48  Drone  
  17  0:56  Drone  
  18  1:13  Hatchery  
  18  1:17  Extractor  
  18  1:18  Drone  
  17  1:19  Drone  
  18  1:33  Queen  
  18  1:39  Roach Warren  
  19  1:42  Drone  
  19  1:45  Drone  
  21  1:53  Overlord  
  21  2:11  Queen  
  23  2:20  Roach x2  
  27  2:23  Roach  
  27  2:28  Roach  
  31  2:33  Overlord  
  31  2:36  Drone  
  32  2:44  Drone x3  
  32  2:47  Drone  
  36  2:52  Drone  
  36  2:58  Drone  
  38  2:59  Queen  
  38  3:05  Overlord  
  40  3:08  Drone  
  40  3:11  Drone  
  42  3:17  Drone x2  
  44  3:28  Lair  
  44  3:29  Drone x3  
  48  3:34  Drone x2  
  48  3:35  Drone  
  48  3:38  Drone  
  49  3:45  Drone x2  
  51  3:52  Drone x2  
  51  3:53  Drone x3  
  51  3:54  Extractor  
  51  3:55  Extractor  
  48  3:56  Extractor, Drone x2  
  49  4:11  Overlord, Drone x2  
  51  4:18  Drone  
  52  4:25  Hatchery  
  52  4:29  Spire, Drone  
  52  4:30  Roach x2  
  55  4:36  Roach x2  
  59  4:44  Overlord  
  59  4:45  Overlord  
  59  4:48  Overseer  
  59  5:01  Overlord x2  
  59  5:06  Roach x4  
  67  5:13  Roach  
  71  5:14  Roach x3  
  71  5:20  Overlord  
  75  5:29  Overlord  
  75  5:36  Drone x8  
  83  5:51  Evolution Chamber, Drone  
  83  5:52  Evolution Chamber, Drone  
  83  5:53  Drone x3  
  86  6:03  Drone x5  
  91  6:06  Overlord  
  91  6:10  Glial Reconstitution  
  91  6:13  Mutalisk x3  
  91  6:14  Mutalisk x2  
  91  6:15  Mutalisk  
  91  6:17  Mutalisk  
  105  6:20  Mutalisk  
  107  6:29  Hatchery  
  107  6:30  Drone x2  
  108  6:37  Drone x6  
  108  6:39  Extractor  
  113  6:40  Extractor  
  113  6:41  Zerg Missile Weapons Level 1  
  113  6:42  Overseer  
  113  6:45  Zerg Ground Armor Level 1  
  112  6:48  Drone x2  
  112  6:49  Drone  
  116  6:54  Drone x4  
  116  6:55  Drone x2  
  121  7:03  Drone  
  121  7:04  Overlord  
  121  7:07  Overlord  
  122  7:14  Overlord  
  122  7:19  Overlord  
  122  7:20  Infestation Pit  
  122  7:21  Extractor  
  120  7:22  Extractor  
  120  7:25  Drone x4  
  120  7:26  Drone x2  
  120  7:28  Metabolic Boost  
  123  7:32  Roach x4  
  123  7:33  Roach  
  133  7:38  Overlord  
  133  7:49  Zerg Flyer Armor Level 1  
  133  7:58  Mutalisk  
  133  7:59  Mutalisk x6  
  133  8:03  Roach x3  
  153  8:09  Roach x5  
  163  8:13  Queen  
  163  8:16  Overlord  
  163  8:18  Roach  
  163  8:19  Overlord x3  
  167  8:21  Overlord  
  167  8:22  Overlord  
  167  8:23  Overlord  
  167  8:28  Overlord  
  167  8:35  Hatchery  
  167  8:38  Zerg Missile Weapons Level 2  
  152  8:50  Roach  
  152  8:51  Roach x11  
  152  8:52  Extractor  
  152  8:53  Extractor  
  126  9:05  Hive  
  126  9:06  Zerg Ground Armor Level 2  
  126  9:08  Roach x6  
  134  9:16  Mutalisk x4  
  128  9:21  Drone x3  
  128  9:22  Drone x2  
  128  9:23  Drone  
  136  9:28  Overseer  
  136  9:35  Mutalisk x3  
  142  9:38  Overlord  
  142  9:41  Zergling x2  
  142  9:42  Zergling x14  
  142  9:43  Zerg Flyer Weapons Level 1  
  150  9:46  Mutalisk  
  150  9:47  Mutalisk  
  154  9:58  Mutalisk x3  
  160  10:10  Overseer  
  160  10:12  Hatchery  
  160  10:13  Mutalisk x3  
  160  10:14  Mutalisk  
  163  10:18  Mutalisk  
  163  10:21  Overlord  
  168  10:22  Roach x6  
  168  10:24  Overlord  
  168  10:26  Roach  
  182  10:36  Mutalisk  
  182  10:37  Mutalisk x3  
  182  10:41  Overlord  
  190  10:47  Roach x4  
  190  10:49  Pneumatized Carapace  
  198  10:51  Overlord  
  192  11:04  Mutalisk  
  192  11:05  Mutalisk x2  
  179  11:29  Roach x13  
  179  11:30  Roach x5  
  185  11:35  Mutalisk, Overlord  
  185  11:36  Mutalisk x2  
  159  11:42  Mutalisk x5  
  155  11:49  Drone x4  
  155  11:50  Drone x3  
  160  11:54  Overseer  
  160  11:58  Mutalisk x3, Drone x2  
  168  12:04  Mutalisk x2  
  168  12:08  Extractor x2  
  171  12:13  Mutalisk x3  
  175  12:16  Zergling x14  
  175  12:21  Overlord  
  177  12:28  Mutalisk  
  177  12:29  Mutalisk x3  
  174  12:49  Mutalisk x5  
  174  12:50  Mutalisk  
  182  12:57  Mutalisk  
  182  12:58  Mutalisk  
  172  13:03  Roach x5  
  176  13:12  Mutalisk x3  
  167  13:14  Roach x2  
  167  13:15  Roach  
  165  13:27  Mutalisk x2  
  165  13:28  Mutalisk  
  165  13:34  Mutalisk x2  
  143  13:50  Mutalisk x4  
  141  13:55  Zergling x2  
  141  13:56  Zergling x18  
  141  14:05  Mutalisk x2  
  143  14:15  Roach  
  143  14:16  Roach x3  
  147  14:18  Mutalisk x2  
  151  14:27  Mutalisk x2  
  151  14:28  Hatchery  
  119  14:43  Mutalisk x4  
  127  14:47  Drone x2  
  127  14:48  Drone x2  
  127  14:49  Drone  
  131  14:54  Drone x2  
  133  15:04  Drone x2  
  133  15:05  Mutalisk x4  
  143  15:19  Roach x6  
  151  15:27  Roach x3  
  141  15:35  Roach x3  
  139  15:48  Mutalisk x6  
  145  15:58  Greater Spire  
  145  16:00  Mutalisk x4  
  153  16:10  Overseer x2  
  153  16:11  Mutalisk  
  153  16:12  Mutalisk  
  130  16:35  Mutalisk x4  
  130  16:38  Roach x4  
  145  16:44  Roach x3  
  151  16:47  Drone x2  
  148  17:12  Mutalisk  
  148  17:13  Mutalisk x2  
  152  17:16  Zergling x18  
  152  17:19  Overseer  
  161  17:23  Overseer  
Show
View Real Time Build Order
Export as new Build Order

SHODAN Terran - Winner!

Build Orders: Reaper Expand, Mech 

Get SALT Encoding   

  12  0:00  SCV  
  13  0:12  SCV  
  14  0:18  Supply Depot  
  14  0:24  SCV  
  15  0:39  SCV  
  15  0:41  Refinery  
  16  0:44  Barracks  
  16  0:51  SCV  
  17  1:03  SCV  
  18  1:15  SCV  
  19  1:31  Reaper, Orbital Command  
  20  1:41  Command Center  
  20  1:52  Refinery  
  20  1:57  SCV  
  21  2:05  Factory  
  21  2:14  Supply Depot  
  21  2:16  SCV  
  22  2:28  SCV  
  23  2:33  Barracks Reactor  
  23  2:45  Bunker  
  23  2:48  Factory Tech Lab  
  23  2:51  SCV  
  23  2:54  Orbital Command  
  24  3:01  Supply Depot  
  25  3:08  Marine x2  
  25  3:09  Siege Tank  
  29  3:15  SCV  
  30  3:26  Supply Depot  
  30  3:28  SCV  
  30  3:39  Marine x2  
  30  3:40  SCV  
  32  3:49  SCV  
  32  3:52  SCV  
  34  4:01  SCV  
  35  4:13  SCV x2  
  37  4:21  Command Center  
  37  4:25  SCV x2  
  39  4:37  SCV  
  40  4:38  SCV  
  41  4:47  Factory  
  41  4:48  Armory  
  41  4:49  Factory, Refinery, SCV  
  41  4:50  Refinery  
  42  4:57  SCV  
  43  5:01  SCV  
  44  5:09  SCV  
  44  5:13  SCV  
  46  5:21  SCV  
  46  5:26  SCV  
  48  5:33  SCV  
  48  5:34  Siege Tank, Widow Mine x2  
  56  5:36  Factory Tech Lab  
  56  5:37  Orbital Command  
  56  5:40  Engineering Bay  
  55  5:43  SCV  
  55  5:49  Terran Vehicle And Ship Armor Level 1  
  56  5:50  SCV  
  56  5:54  Factory  
  56  5:55  Thor  
  56  5:56  Factory, SCV  
  64  6:02  SCV  
  65  6:08  Missile Turret  
  65  6:10  Missile Turret  
  65  6:11  Missile Turret  
  65  6:13  Missile Turret  
  65  6:16  Missile Turret  
  65  6:19  Siege Tank  
  65  6:22  Widow Mine x2  
  65  6:25  SCV  
  73  6:26  SCV  
  74  6:36  Infernal Pre-Igniter  
  74  6:38  Factory Tech Lab  
  74  6:41  Factory Reactor  
  74  6:47  Armory  
  74  6:51  SCV  
  74  6:52  SCV  
  76  7:11  Supply Depot  
  76  7:12  Cyclone, Hellion x2, Supply Depot x2  
  76  7:13  Supply Depot  
  84  7:16  Cyclone x2  
  92  7:33  Hellion x2  
  92  7:35  Hellion x2  
  92  7:36  Mag-Field Accelerator  
  100  7:40  Supply Depot  
  100  7:41  Supply Depot x2  
  100  7:42  Orbital Command  
  100  7:44  Cyclone  
  104  7:49  Cyclone  
  104  7:50  Cyclone  
  112  7:56  Hellion x2  
  116  8:04  SCV x2  
  118  8:07  SCV  
  119  8:16  SCV x2  
  119  8:17  Cyclone  
  119  8:18  Hellion  
  119  8:19  SCV  
  132  8:21  Widow Mine x2  
  132  8:25  Refinery x2  
  132  8:28  SCV  
  133  8:34  SCV x2  
  133  8:36  Terran Vehicle And Ship Armor Level 2  
  133  8:40  SCV, Terran Vehicle Weapons Level 1  
  136  8:46  SCV  
  103  8:59  SCV  
  103  9:00  SCV x2  
  103  9:02  Cyclone x2  
  99  9:03  Hellion x3  
  99  9:08  Command Center  
  103  9:11  SCV  
  103  9:12  SCV x2  
  106  9:17  Missile Turret, Widow Mine  
  106  9:18  Cyclone  
  106  9:24  Factory x2  
  112  9:27  Factory  
  112  9:34  Missile Turret  
  112  9:39  Cyclone x2  
  112  9:40  Hellion x2  
  124  9:48  Hellion x2  
  124  9:50  Cyclone  
  124  9:51  Supply Depot  
  132  9:53  Supply Depot  
  132  9:55  Supply Depot  
  132  9:57  Drilling Claws  
  132  10:04  Hellion x2  
  136  10:11  Cyclone x2  
  136  10:12  Factory Tech Lab  
  136  10:13  Factory Reactor, Factory Tech Lab  
  144  10:30  Cyclone, Hellion  
  144  10:31  Hellion x2  
  144  10:32  Widow Mine  
  144  10:33  Widow Mine  
  156  10:39  Cyclone  
  160  10:43  Cyclone  
  160  10:48  Planetary Fortress  
  164  10:50  Missile Turret  
  164  10:52  Missile Turret x2  
  162  11:03  Cyclone x2  
  162  11:04  Hellion x2, Widow Mine x3  
  174  11:14  Refinery x2  
  174  11:16  Command Center  
  174  11:19  Sensor Tower  
  174  11:20  Cyclone x2  
  140  11:34  Cyclone  
  140  11:35  Cyclone, Hellion x3  
  129  11:40  SCV x4  
  129  11:46  Cyclone  
  126  11:47  Hellion  
  126  11:52  SCV  
  126  11:53  Cyclone  
  133  11:54  Cyclone  
  133  11:56  SCV  
  133  11:58  SCV  
  139  12:08  Cyclone x2, Hellion x2  
  151  12:24  Cyclone  
  151  12:25  Cyclone, Hellion x3  
  161  12:33  Widow Mine x4  
  161  12:39  Widow Mine x2  
  161  12:42  Missile Turret  
  161  12:43  Missile Turret  
  157  12:49  Widow Mine x2  
  157  12:50  Widow Mine  
  149  12:52  Orbital Command  
  149  12:56  Cyclone  
  149  12:58  Widow Mine  
  148  13:01  Widow Mine  
  148  13:02  Cyclone, Widow Mine, Orbital Command  
  141  13:08  Cyclone x2  
  141  13:12  Hellion  
  143  13:19  Hellion  
  138  13:21  Hellion x2  
  134  13:27  Cyclone  
  134  13:28  Cyclone  
  134  13:31  Hellion  
  131  13:34  Cyclone  
  131  13:40  Hellion x3  
  137  13:44  Cyclone, Hellion  
  137  13:47  SCV  
  137  13:48  SCV  
  139  13:49  Orbital Command  
  139  13:54  Cyclone  
  132  14:00  Cyclone, Hellion  
  120  14:02  Widow Mine  
  120  14:03  Orbital Command  
  122  14:12  Widow Mine x3  
  128  14:24  Missile Turret  
  128  14:30  SCV x4  
  130  14:31  Missile Turret  
  130  14:37  Missile Turret, Siege Tank x3  
  131  14:49  SCV  
  132  14:56  Cyclone x2  
  132  14:57  Hellion x4  
  140  15:09  Siege Tank x2  
  146  15:17  Hellion x3  
  145  15:28  Cyclone x2  
  150  15:34  Widow Mine  
  150  15:35  Widow Mine x2  
  153  15:38  Cyclone  
  153  15:48  SCV x2  
  151  15:55  Missile Turret  
  151  15:58  Missile Turret  
  151  16:02  Widow Mine x3  
  151  16:03  Cyclone x2  
  165  16:16  Cyclone  
  165  16:17  Cyclone, Hellion  
  165  16:18  Hellion x2  
  175  16:31  Orbital Command  
  169  17:04  Missile Turret  
  163  17:19  Missile Turret  
  163  17:20  Missile Turret  
  163  17:21  Hellion x2  
  187  17:30  Supply Depot  
  187  17:33  Command Center  
Tags
 
Add a new tag
Caveats
  • Supply blocks, unpowered buildings, or Contaminate may cause inaccurate times.
  • Supply counts are checked every 10 seconds.